| TOP OF THE 1ST |
|
Arkansas Travelers batting - Pitching for Akron RubberDucks : LHP Kenji Yokoyama
|
|
Pitching: LHP Kenji Yokoyama
|
|
|
Batting: SHB Butch Brown
|
0-0: SINGLE (Groundball, 6MD, EV 104.4 MPH)
|
|
Batting: RHB Luis Romero
|
0-0: Foul Ball, location: 2F 0-1: Ball 1-1: Ball 2-1: Ball 3-1: Called Strike 3-2: Strikes out swinging Butch Brown steals 2nd base (no throw) Batter strikes out.
|
|
Batting: RHB Mike Alm
|
0-0: Swinging Strike 0-1: Ball 1-1: Ball 2-1: Ball 3-1: Swinging Strike 3-2: Strikes out swinging
|
|
Batting: RHB Jonathan Ellis
|
0-0: Ball 1-0: Called Strike 1-1: Ball 2-1: Ball 3-1: Called Strike 3-2: Foul Ball, location: 2F 3-2: Foul Ball, location: 2F 3-2: TRIPLE (Flyball, 78XD, EV 105.6 MPH) Butch Brown scores
|
|
Batting: LHB Justin Alexander
|
0-0: Ball 1-0: Foul Ball, location: 2F 1-1: Ball 2-1: Foul Ball, location: 2F 2-2: Ball 3-2: Strikes out swinging
|
| Top of the 1st over - 1 run, 2 hits, 0 errors, 1 left on base; Arkansas 1 - Akron 0 |
| BOTTOM OF THE 1ST |
|
Akron RubberDucks batting - Pitching for Arkansas Travelers : RHP Chris Adams
|
|
Pitching: RHP Chris Adams
|
|
|
Batting: LHB Nick Welling
|
0-0: Called Strike 0-1: Foul Ball, location: 2F 0-2: Foul Ball, location: 2F 0-2: Foul Ball, location: 2F 0-2: Ball 1-2: Ball 2-2: Strikes out swinging passed ball, reaches first!
|
|
Batting: SHB Arturo Baez
|
0-0: Ball 1-0: Ball 2-0: Fly out, F7 (Flyball, 7, EV 88.1 MPH)
|
|
Batting: LHB Costodio Varino
|
0-0: Ball 1-0: Foul Ball, location: 2F 1-1: Ball Nick Welling steals 2nd base 2-1: Ball 3-1: SINGLE (Groundball, 56D, EV 104.4 MPH) Nick Welling to third Runner from 3rd tries for Home, SAFE, throw by LF to home Costodio Varino to second
|
|
Batting: LHB Sam Ogg
|
0-0: Swinging Strike 0-1: Ball 1-1: SINGLE (Groundball, 4MD, EV 100.6 MPH) Costodio Varino to third
|
|
Batting: LHB Justin Rankin
|
0-0: Grounds into double play, 6-4-3 (Groundball, 6, EV 86.9 MPH)
|
| Bottom of the 1st over - 1 run, 2 hits, 0 errors, 1 left on base; Arkansas 1 - Akron 1 |
| TOP OF THE 2ND |
|
Arkansas Travelers batting - Pitching for Akron RubberDucks : LHP Kenji Yokoyama
|
|
Batting: RHB Ryan Pelletier
|
0-0: Ground out 6-3 (Groundball, 6, EV 79.4 MPH)
|
|
Batting: RHB Timoleon Tsikouna
|
0-0: Called Strike 0-1: Foul Ball, location: 2F 0-2: Strikes out swinging
|
|
Batting: LHB Barrfhionn O'Toole
|
0-0: Ball 1-0: Swinging Strike 1-1: SINGLE (Line Drive, 6MD, EV 97.5 MPH)
|
|
Batting: RHB Jose Ramirez
|
0-0: Ball 1-0: Called Strike 1-1: Swinging Strike 1-2: Foul Ball, location: 2F 1-2: Ball 2-2: Foul Ball, location: 2F 2-2: Fielders Choice at 2nd, 6-4 (Groundball, 6, EV 105.0 MPH)
|
| Top of the 2nd over - 0 runs, 1 hit, 0 errors, 1 left on base; Arkansas 1 - Akron 1 |
| BOTTOM OF THE 2ND |
|
Akron RubberDucks batting - Pitching for Arkansas Travelers : RHP Chris Adams
|
|
Batting: RHB Willie Gonzales
|
0-0: Ball 1-0: Ball 2-0: Ball 3-0: Called Strike 3-1: Base on Balls
|
|
Batting: RHB Eric Kuck
|
0-0: Ball 1-0: Grounds into double play, 5-4-3 (Groundball, 56S, EV 81.2 MPH)
|
|
Batting: RHB Greg Harden
|
0-0: Ground out 6-3 (Groundball, 6, EV 85.0 MPH)
|
| Bottom of the 2nd over - 0 runs, 0 hits, 0 errors, 0 left on base; Arkansas 1 - Akron 1 |
| TOP OF THE 3RD |
|
Arkansas Travelers batting - Pitching for Akron RubberDucks : LHP Kenji Yokoyama
|
|
Batting: SHB Butch Brown
|
0-0: Swinging Strike 0-1: Swinging Strike 0-2: SINGLE (Groundball, 56S, EV 71.2 MPH) (infield hit)
|
|
Batting: RHB Luis Romero
|
0-0: Foul Ball, location: 2F 0-1: SINGLE (Groundball, P, EV 83.1 MPH) (infield hit) Butch Brown to second
|
|
Batting: RHB Mike Alm
|
0-0: 3-RUN HOME RUN (Flyball, 7D, EV 97.5 MPH), Distance : 371 ft
|
|
Batting: RHB Jonathan Ellis
|
0-0: Ball 1-0: Called Strike 1-1: Called Strike 1-2: Foul Ball, location: 2F 1-2: Foul Ball, location: 2F 1-2: Foul Ball, location: 2F 1-2: Fly out, F2 (Popup, 2R, EV 91.2 MPH)
|
|
Batting: LHB Justin Alexander
|
0-0: Ball 1-0: Foul Ball, location: 2F 1-1: SINGLE (Groundball, 3S, EV 66.9 MPH) (infield hit)
|
|
Batting: RHB Ryan Pelletier
|
0-0: Called Strike Justin Alexander steals 2nd base 0-1: Fly out, F8 (Flyball, 8RD, EV 95.0 MPH)
|
|
Batting: RHB Timoleon Tsikouna
|
0-0: Ball 1-0: Ball 2-0: Ground out U3 (Groundball, 34S, EV 88.8 MPH)
|
| Top of the 3rd over - 3 runs, 4 hits, 0 errors, 1 left on base; Arkansas 4 - Akron 1 |
| BOTTOM OF THE 3RD |
|
Akron RubberDucks batting - Pitching for Arkansas Travelers : RHP Chris Adams
|
|
Batting: RHB Adrian Martinelli
|
0-0: Called Strike 0-1: Called Strike 0-2: Ball 1-2: Ball 2-2: Strikes out swinging
|
|
Batting: LHB Nick Welling
|
0-0: Called Strike 0-1: Ball 1-1: Foul Ball, location: 2F 1-2: Ball 2-2: Ground out 4-3 (Groundball, 4, EV 86.9 MPH)
|
|
Batting: SHB Arturo Baez
|
0-0: Ball 1-0: Ball 2-0: Swinging Strike 2-1: Ball 3-1: Foul Ball, location: 2F 3-2: Foul Ball, location: 2F 3-2: Fly out, F3 (Popup, 3, EV 71.9 MPH)
|
| Bottom of the 3rd over - 0 runs, 0 hits, 0 errors, 0 left on base; Arkansas 4 - Akron 1 |
| TOP OF THE 4TH |
|
Arkansas Travelers batting - Pitching for Akron RubberDucks : LHP Kenji Yokoyama
|
|
Batting: LHB Barrfhionn O'Toole
|
0-0: Ball 1-0: Foul Ball, location: 2F 1-1: Called Strike 1-2: Foul Ball, location: 2F 1-2: Fly out, F6 (Popup, 6, EV 61.9 MPH)
|
|
Batting: RHB Jose Ramirez
|
0-0: Fly out, F6 (Flyball, 6D, EV 82.5 MPH)
|
|
Batting: SHB Butch Brown
|
0-0: Ball 1-0: Ball 2-0: Called Strike 2-1: Ground out 4-3 (Groundball, 4, EV 83.1 MPH)
|
| Top of the 4th over - 0 runs, 0 hits, 0 errors, 0 left on base; Arkansas 4 - Akron 1 |
| BOTTOM OF THE 4TH |
|
Akron RubberDucks batting - Pitching for Arkansas Travelers : RHP Chris Adams
|
|
Batting: LHB Costodio Varino
|
0-0: Ball 1-0: Ball 2-0: Foul Ball, location: 2F 2-1: Fly out, F7 (Flyball, 7D, EV 101.2 MPH)
|
|
Batting: LHB Sam Ogg
|
0-0: Called Strike 0-1: Foul Ball, location: 2F 0-2: Ground out 1-3 (Groundball, 13S, EV 63.8 MPH)
|
|
Batting: LHB Justin Rankin
|
0-0: Called Strike 0-1: SOLO HOME RUN (Flyball, 9D, EV 99.4 MPH), Distance : 381 ft
|
|
Batting: RHB Willie Gonzales
|
0-0: Ball 1-0: Foul Ball, location: 2F 1-1: Called Strike 1-2: Ball 2-2: Ball 3-2: Strikes out looking
|
| Bottom of the 4th over - 1 run, 1 hit, 0 errors, 0 left on base; Arkansas 4 - Akron 2 |
| TOP OF THE 5TH |
|
Arkansas Travelers batting - Pitching for Akron RubberDucks : LHP Kenji Yokoyama
|
|
Batting: RHB Luis Romero
|
0-0: Swinging Strike 0-1: Swinging Strike 0-2: Ball 1-2: Foul Ball, location: 2F 1-2: SINGLE (Groundball, 15S, EV 72.5 MPH) (infield hit)
|
|
Batting: RHB Mike Alm
|
0-0: Called Strike 0-1: Swinging Strike 0-2: Foul Ball, location: 2F 0-2: 2-RUN HOME RUN (Flyball, 7D, EV 100.0 MPH), Distance : 375 ft
|
|
Pitching: LHP J.J. Adkins
|
|
|
Batting: RHB Jonathan Ellis
|
0-0: Ball 1-0: Foul Ball, location: 2F 1-1: Ball 2-1: Foul Ball, location: 2F 2-2: Ground out 3-1 (Groundball, 3D, EV 102.5 MPH)
|
|
Batting: LHB Justin Alexander
|
0-0: Ball 1-0: Ball 2-0: Ball 3-0: Called Strike 3-1: Called Strike 3-2: Strikes out swinging
|
|
Batting: RHB Ryan Pelletier
|
0-0: Ball 1-0: Called Strike 1-1: Ball 2-1: Ground out 4-3 (Groundball, 4, EV 103.1 MPH)
|
| Top of the 5th over - 2 runs, 2 hits, 0 errors, 0 left on base; Arkansas 6 - Akron 2 |
| BOTTOM OF THE 5TH |
|
Akron RubberDucks batting - Pitching for Arkansas Travelers : RHP Chris Adams
|
|
Batting: RHB Eric Kuck
|
0-0: Ball 1-0: Swinging Strike 1-1: Ball 2-1: Ball 3-1: Foul Ball, location: 2F 3-2: Base on Balls
|
|
Batting: RHB Greg Harden
|
0-0: Ball 1-0: Ball 2-0: Ball 3-0: Called Strike 3-1: Fly out, F8 (Flyball, 8RM, EV 86.9 MPH)
|
|
Batting: RHB Adrian Martinelli
|
0-0: Called Strike 0-1: Ball 1-1: Foul Ball, location: 2F 1-2: Ball 2-2: Foul Ball, location: 2F 2-2: Strikes out swinging
|
|
Batting: LHB Nick Welling
|
0-0: Ball 1-0: Called Strike 1-1: Called Strike 1-2: Foul Ball, location: 2F 1-2: Foul Ball, location: 2F 1-2: Foul Ball, location: 2F 1-2: Fly out, F7 (Flyball, 7D, EV 103.1 MPH)
|
| Bottom of the 5th over - 0 runs, 0 hits, 0 errors, 1 left on base; Arkansas 6 - Akron 2 |
| TOP OF THE 6TH |
|
Arkansas Travelers batting - Pitching for Akron RubberDucks : LHP J.J. Adkins
|
|
Batting: RHB Timoleon Tsikouna
|
0-0: Swinging Strike 0-1: Foul Ball, location: 2F 0-2: Strikes out swinging
|
|
Batting: LHB Barrfhionn O'Toole
|
0-0: Ball 1-0: SINGLE (Groundball, 3D, EV 107.5 MPH)
|
|
Batting: RHB Jose Ramirez
|
0-0: Ground out 4-3 (Groundball, 34, EV 108.1 MPH) Barrfhionn O'Toole to second
|
|
Batting: SHB Butch Brown
|
0-0: Ball 1-0: Ball 2-0: SINGLE (Groundball, 34D, EV 103.1 MPH) Barrfhionn O'Toole to third Runner from 3rd tries for Home, SAFE, throw by RF to home
|
|
Batting: RHB Luis Romero
|
0-0: Called Strike 0-1: Ball 1-1: Called Strike 1-2: Strikes out swinging
|
| Top of the 6th over - 1 run, 2 hits, 0 errors, 1 left on base; Arkansas 7 - Akron 2 |
| BOTTOM OF THE 6TH |
|
Akron RubberDucks batting - Pitching for Arkansas Travelers : RHP Chris Adams
|
|
Batting: SHB Arturo Baez
|
0-0: Ball 1-0: Ball 2-0: SINGLE (Groundball, 4, EV 96.2 MPH)
|
|
Batting: LHB Costodio Varino
|
0-0: Called Strike 0-1: Called Strike 0-2: Ball 1-2: Strikes out swinging
|
|
Pitching: RHP Jose Alvarado
|
|
|
Batting: LHB Sam Ogg
|
0-0: Called Strike 0-1: Called Strike 0-2: Foul Ball, location: 2F 0-2: Hit by Pitch Arturo Baez to second
|
|
Batting: LHB Justin Rankin
|
0-0: Fielders Choice at 2nd, 3-6 (Groundball, 23, EV 83.1 MPH) Arturo Baez to third
|
|
Batting: RHB Willie Gonzales
|
0-0: Ball 1-0: Ball 2-0: Foul Ball, location: 2F 2-1: Ball 3-1: Fly out, F9 (Line Drive, 9, EV 90.0 MPH)
|
| Bottom of the 6th over - 0 runs, 1 hit, 0 errors, 2 left on base; Arkansas 7 - Akron 2 |
| TOP OF THE 7TH |
|
Arkansas Travelers batting - Pitching for Akron RubberDucks : LHP J.J. Adkins
|
|
Batting: RHB Mike Alm
|
0-0: Ball 1-0: Swinging Strike 1-1: Ball 2-1: Ball 3-1: Base on Balls
|
|
Batting: RHB Jonathan Ellis
|
0-0: SINGLE (Groundball, 34S, EV 66.9 MPH) (infield hit) Mike Alm to second
|
|
Batting: LHB Justin Alexander
|
0-0: Called Strike Mike Alm steals 3rd base 0-1: Foul Ball, location: 2F 0-2: Strikes out swinging
|
|
Batting: RHB Ryan Pelletier
|
0-0: Ball 1-0: SINGLE (Groundball, 6M, EV 103.8 MPH) (infield hit) Mike Alm scores Jonathan Ellis to second
|
|
Batting: RHB Timoleon Tsikouna
|
0-0: SINGLE (Line Drive, 89S, EV 98.1 MPH) Jonathan Ellis to third Ryan Pelletier to second
|
|
Batting: LHB Barrfhionn O'Toole
|
0-0: Ball 1-0: Called Strike 1-1: Ball 2-1: Called Strike 2-2: Ball 3-2: Strikes out swinging
|
|
Batting: RHB Jose Ramirez
|
0-0: Called Strike 0-1: Ball 1-1: Called Strike 1-2: Strikes out looking
|
| Top of the 7th over - 1 run, 3 hits, 0 errors, 3 left on base; Arkansas 8 - Akron 2 |
| BOTTOM OF THE 7TH |
|
Akron RubberDucks batting - Pitching for Arkansas Travelers : RHP Jose Alvarado
|
|
Batting: RHB Eric Kuck
|
0-0: Called Strike 0-1: Foul Ball, location: 2F 0-2: Ball 1-2: Strikes out looking
|
|
Batting: RHB Greg Harden
|
0-0: Foul Ball, location: 2F 0-1: Ball 1-1: SINGLE (Groundball, 6D, EV 110.6 MPH)
|
|
Batting: RHB Adrian Martinelli
|
0-0: Swinging Strike 0-1: Called Strike 0-2: Strikes out swinging
|
|
Batting: LHB Nick Welling
|
0-0: Swinging Strike 0-1: Foul Ball, location: 2F 0-2: Ball 1-2: Strikes out swinging
|
| Bottom of the 7th over - 0 runs, 1 hit, 0 errors, 1 left on base; Arkansas 8 - Akron 2 |
| TOP OF THE 8TH |
|
Arkansas Travelers batting - Pitching for Akron RubberDucks : LHP J.J. Adkins
|
|
Batting: SHB Butch Brown
|
0-0: Ball 1-0: Fly out, F7 (Line Drive, 78S, EV 95.6 MPH)
|
|
Batting: RHB Luis Romero
|
0-0: Ball 1-0: Swinging Strike 1-1: Ball 2-1: SINGLE (Groundball, 6MD, EV 95.0 MPH)
|
|
Pitching: RHP En-guo Tsu
|
|
|
Batting: RHB Mike Alm
|
0-0: Ball 1-0: Ball Luis Romero steals 2nd base 2-0: Called Strike 2-1: Ball 3-1: Foul Ball, location: 2F 3-2: Fly out, F8 (Line Drive, 8LM, EV 94.4 MPH)
|
|
Batting: RHB Jonathan Ellis
|
0-0: Ball 1-0: Ball 2-0: Foul Ball, location: 2F 2-1: Called Strike 2-2: Ball 3-2: Foul Ball, location: 2F 3-2: Foul Ball, location: 2F 3-2: Base on Balls
|
|
Batting: LHB Justin Alexander
|
0-0: TRIPLE (Flyball, 9LD, EV 107.5 MPH) Luis Romero scores Jonathan Ellis scores
|
|
Batting: RHB Ryan Pelletier
|
0-0: Called Strike 0-1: Swinging Strike 0-2: Foul Ball, location: 2F 0-2: Strikes out swinging
|
| Top of the 8th over - 2 runs, 2 hits, 0 errors, 1 left on base; Arkansas 10 - Akron 2 |
| BOTTOM OF THE 8TH |
|
Akron RubberDucks batting - Pitching for Arkansas Travelers : RHP Jose Alvarado
|
|
Batting: SHB Arturo Baez
|
0-0: Swinging Strike 0-1: Ball 1-1: Ball 2-1: Ball 3-1: Called Strike 3-2: Foul Ball, location: 2F 3-2: Base on Balls
|
|
Batting: LHB Costodio Varino
|
0-0: Foul Ball, location: 2F 0-1: Ball 1-1: Fly out, F8 (Flyball, 8LD, EV 96.9 MPH)
|
|
Pitching: LHP Jose Rivera
|
|
|
Batting: LHB Sam Ogg
|
0-0: Foul Ball, location: 2F 0-1: Foul Ball, location: 2F 0-2: Ball Wild Pitch! Arturo Baez to second 1-2: SINGLE (Groundball, P, EV 88.1 MPH) (infield hit) Arturo Baez to third
|
|
Batting: LHB Justin Rankin
|
0-0: Ball 1-0: Swinging Strike 1-1: Fielders Choice at 2nd, 5-4 (Groundball, 56, EV 105.0 MPH) Arturo Baez scores
|
|
Pitching: RHP Cal Abbott
|
|
|
Batting: RHB Willie Gonzales
|
0-0: Foul Ball, location: 2F 0-1: Called Strike 0-2: Hit by Pitch Justin Rankin to second
|
|
Batting: RHB Eric Kuck
|
0-0: Ball 1-0: Called Strike 1-1: Ball 2-1: Ball 3-1: Foul Ball, location: 2F 3-2: Foul Ball, location: 2F 3-2: Base on Balls Justin Rankin to third Willie Gonzales to second
|
|
Batting: RHB Greg Harden
|
0-0: Called Strike 0-1: Swinging Strike 0-2: Ball 1-2: Ball 2-2: Fielders Choice at 2nd, 6-4 (Groundball, 6, EV 83.8 MPH)
|
| Bottom of the 8th over - 1 run, 1 hit, 0 errors, 3 left on base; Arkansas 10 - Akron 3 |
| TOP OF THE 9TH |
|
Arkansas Travelers batting - Pitching for Akron RubberDucks : RHP En-guo Tsu
|
|
Batting: RHB Timoleon Tsikouna
|
0-0: Swinging Strike 0-1: Ball 1-1: Swinging Strike 1-2: Strikes out swinging
|
|
Batting: LHB Barrfhionn O'Toole
|
0-0: Ball 1-0: Called Strike 1-1: Called Strike 1-2: Ball 2-2: Foul Ball, location: 2F 2-2: Strikes out swinging
|
|
Batting: RHB Jose Ramirez
|
0-0: Called Strike 0-1: Swinging Strike 0-2: Foul Ball, location: 2F 0-2: Foul Ball, location: 2F 0-2: Strikes out swinging
|
| Top of the 9th over - 0 runs, 0 hits, 0 errors, 0 left on base; Arkansas 10 - Akron 3 |
| BOTTOM OF THE 9TH |
|
Akron RubberDucks batting - Pitching for Arkansas Travelers : RHP Cal Abbott
|
|
Batting: RHB Adrian Martinelli
|
0-0: Ground out 3-1 (Groundball, 34, EV 93.1 MPH)
|
|
Batting: LHB Nick Welling
|
0-0: Called Strike 0-1: Foul Ball, location: 2F 0-2: Strikes out looking
|
|
Batting: SHB Arturo Baez
|
0-0: Fly out, F7 (Flyball, 78D, EV 105.6 MPH)
|
| Bottom of the 9th over - 0 runs, 0 hits, 0 errors, 0 left on base; Arkansas 10 - Akron 3 |
|